 Dungeon Crawl Stone Soup version 0.19.1 (webtiles) character file.

604 lorenzova the Magician (level 7, 0/36 HPs)
             Began as a Deep Elf Conjurer on Nov 28, 2016.
             Was an Initiate of Vehumet.
             Slain by an orc priest
             ... wielding a +2 falchion of holy wrath
              (7 damage)
             ... on level 5 of the Dungeon.
             The game lasted 00:07:24 (4356 turns).

lorenzova the Magician (Deep Elf Conjurer)          Turns: 4356, Time: 00:07:25

Health: 0/36       AC:  5    Str:  5    XL:     7   Next: 18%
Magic:  0/19       EV: 13    Int: 22    God:    Vehumet [......]
Gold:   158        SH:  0    Dex: 15    Spells: 3 memorised, 10 levels left

rFire  + . .     SeeInvis .     o - +0 dagger (curse)
rCold  . . .     Gourm    .     a - +0 robe
rNeg   . . .     Faith    .     (no shield)
rPois  .         Spirit   .     (no helmet)
rElec  .         Reflect  .     i - +2 cloak
rCorr  .         Harm     .     (no gloves)
MR     .....                    (no boots)
Stlth  ++........               (no amulet)
                                (no ring)
                                m - ring of protection from fire (curse)

@: no status effects
A: no striking features
a: Renounce Religion


You were on level 5 of the Dungeon.
You worshipped Vehumet.
Vehumet was noncommittal.
You were hungry.

You visited 2 branches of the dungeon, and saw 6 of its levels.

You collected 158 gold pieces.

Inventory:

Hand Weapons
 o - a cursed +0 dagger (weapon)
 A - a +3 dagger of draining
Armour
 a - a +0 robe (worn)
 i - a +2 cloak (worn)
Jewellery
 m - a cursed ring of protection from fire (left hand)
Wands
 r - a wand of lightning (2/15)
 u - a wand of digging (17/24)
 B - a wand of polymorph (18/24)
Scrolls
 d - 3 scrolls of identify
 f - a scroll of noise {unknown}
 j - 2 scrolls of remove curse {unknown}
 l - 2 scrolls of magic mapping {unknown}
 p - a scroll of enchant armour {unknown}
 t - a scroll of enchant weapon
 y - a scroll of amnesia {unknown}
Potions
 e - 3 potions of ambrosia
 h - a potion of flight {unknown}
 k - 4 potions of degeneration {unknown}
 q - a potion of brilliance {unknown}
 s - a potion of haste {unknown}
 w - a potion of agility
 x - 2 potions of might {unknown}
Books
 b - a book of Conjurations

   Spells                             Type                      Level
   a - Magic Dart                     Conjuration                  1
   b - Searing Ray                    Conjuration                  2
   c - Dazzling Spray                 Conjuration/Hexes            3
   d - Fulminant Prism                Conjuration/Hexes            4
   e - Iskenderun's Mystic Blast      Conjuration                  4
   f - Iskenderun's Battlesphere      Conjuration/Charms           5
 v - a book of Callings

   Spells                             Type                      Level
   a - Summon Small Mammal            Summoning                    1
   b - Call Imp                       Summoning                    2
   c - Call Canine Familiar           Summoning                    3
   d - Summon Guardian Golem          Hexes/Summoning              3
   e - Summon Lightning Spire         Summoning/Air                4
   f - Summon Ice Beast               Ice/Summoning                4
 D - a book of Minor Magic

   Spells                             Type                      Level
   a - Magic Dart                     Conjuration                  1
   b - Blink                          Translocation                2
   c - Call Imp                       Summoning                    2
   d - Repel Missiles                 Charms/Air                   2
   e - Slow                           Hexes                        2
   f - Conjure Flame                  Conjuration/Fire             3
   g - Mephitic Cloud                 Conjuration/Poison/Air       3
Comestibles
 c - 5 bread rations
 g - 6 fruits
 n - 3 beef jerkies
 C - a meat ration


   Skills:
 - Level 2.4 Dodging
 - Level 2.4 Stealth
 + Level 7.3 Spellcasting
 + Level 7.1 Conjurations
 + Level 3.7 Charms


You had 10 spell levels left.
You knew the following spells:

 Your Spells              Type           Power        Failure   Level  Hunger
a - Magic Dart            Conj           ####         1%          1    None
b - Iskenderun's Battles  Conj/Chrm      ####....     28%         5    #####..
c - Iskenderun's Mystic   Conj           #####...     6%          4    ###....


Dungeon Overview and Level Annotations

Branches:
Dungeon (5/15)             Temple (1/1) D:4

Altars:
Ashenzari
Elyvilon
Fedhas
Gozag
Hepliaklqana
Makhleb
Nemelex Xobeh
Ru
Sif Muna
Trog
Uskayaw
Vehumet


Message History

The orc priest is heavily wounded.
The orc priest completely misses you.
All of the chunks of flesh in your inventory have rotted away.
You barely miss the orc priest.
The orc priest is heavily wounded.
The orc priest closely misses you.
You barely miss the orc priest.
The orc priest is heavily wounded.
The orc priest calls down the wrath of Beogh upon you.
Beogh smites you!
* * * LOW HITPOINT WARNING * * *
Casting: Iskenderun's Mystic Blast
Confirm with . or Enter, or press ? or * to list all spells.
Aiming: Magic Dart
Press: ? - help, Shift-Dir - straight line, f/p - orc priest
Aim: an orc priest, wielding a falchion of holy wrath and wearing a scale mail (heavily wounded)
The magic dart hits the orc priest.
The orc priest is heavily wounded.
The orc priest hits you with a falchion of holy wrath!
You die...

....##....##
.....#.....#......#
.....#.....#......#
.....'.....#......#
....##....##......#
....##....##......#
..........##......#
..........##....o)#
..........#.....@.#
....(.....'.......#
...###....##(.....#
... #######......#
.. #.......#
#)......# #.......#
#.......# #.......#


You could see an orc priest.

Vanquished Creatures
  Duvessa (D:5)
  A centaur (D:5)
  The ghost of lorenzova the Conjurer, an amateur DECj (D:3)
  Dowan (D:5)
  A crimson imp (D:3)
  Crazy Yiuf (D:2)
  An orc priest (D:4)
  Jessica (D:2)
  Terence (D:2)
  An orc wizard (D:4)
  A hound skeleton (D:5)
  2 adders (D:2)
  An ooze (D:2)
  An adder skeleton (D:5)
  5 worms
  A dart slug (D:1)
  2 leopard geckos
  10 orcs
  7 bats
  A giant cockroach (D:1)
  13 goblins
  4 hobgoblins
  6 jackals
  A quokka (D:2)
  A ball python (D:2)
  A frilled lizard (D:3)
  10 kobolds
  7 rats
84 creatures vanquished.

Notes
Turn   | Place    | Note
-------+----------+-------------------------------------------
     0 | D:1      | lorenzova the Deep Elf Conjurer began the quest for the Orb.
     0 | D:1      | Reached XP level 1. HP: 10/10 MP: 6/6
   140 | D:1      | Reached XP level 2. HP: 15/15 MP: 1/8
   600 | D:1      | Reached skill level 5 in Conjurations
   735 | D:2      | Reached XP level 3. HP: 19/19 MP: 4/10
  1236 | D:2      | Noticed Terence
  1520 | D:2      | Reached XP level 4. HP: 24/24 MP: 10/12
  1526 | D:2      | Learned a level 4 spell: Iskenderun's Mystic Blast
  1636 | D:2      | Noticed Jessica
  1638 | D:2      | Killed Jessica
  1969 | D:2      | Found a runed door.
  2066 | D:2      | Killed Terence
  2066 | D:2      | Reached skill level 5 in Spellcasting
  2256 | D:2      | Noticed Crazy Yiuf
  2259 | D:2      | Killed Crazy Yiuf
  2259 | D:2      | Reached XP level 5. HP: 28/28 MP: 1/14
  2885 | D:3      | Noticed lorenzova's ghost (amateur DECj)
  2887 | D:3      | Killed lorenzova's ghost
  3125 | D:3      | Reached XP level 6. HP: 28/32 MP: 9/17
  3132 | D:3      | Learned a level 5 spell: Iskenderun's Battlesphere
  3396 | D:4      | Reached skill level 1 in Charms
  3458 | D:4      | Found a staircase to the Ecumenical Temple.
  3483 | D:4      | Found a burning altar of Makhleb.
  3509 | Temple   | Entered the Ecumenical Temple
  3550 | Temple   | Became a worshipper of Vehumet
  3604 | D:4      | Found an opulent altar of Gozag.
  3695 | D:4      | Found a sacrificial altar of Ru.
  3798 | D:4      | Found a white marble altar of Elyvilon.
  3859 | D:5      | Entered Level 5 of the Dungeon
  3859 | D:5      | Found a shattered altar of Ashenzari.
  3884 | D:5      | Noticed Duvessa
  3901 | D:5      | Killed Duvessa
  3912 | D:5      | Noticed Dowan
  4085 | D:5      | Killed Dowan
  4219 | D:5      | Reached XP level 7. HP: 36/36 MP: 12/19
  4356 | D:5      | Slain by an orc priest

Skill      XL: |  1  2  3  4  5  6 |
---------------+-------------------+-----
Conjurations   | 5 6 7 |  7.1
Spellcasting   | 4 5 6 7 |  7.3
Charms         | 3 |  3.7
Dodging        | |  2.4
Stealth        | |  2.4

Action                   |  1- 3 |  4- 6 |  7- 9 || total
-------------------------+-------+-------+-------++-------
Melee: Unarmed           |     2 |       |       ||     2
       Dagger            |       |     4 |     3 ||     7
 Cast: Magic Dart        |    86 |   105 |    10 ||   201
       Iskenderun's Myst |       |    14 |     5 ||    19
  Use: Scroll            |       |     2 |       ||     2
  Eat: Chunk             |     2 |     9 |       ||    11
       Fruit             |       |     1 |       ||     1
Armor: Robe              |     3 |     3 |     1 ||     7
Dodge: Dodged            |     6 |    11 |     3 ||    20
